 Dungeon Crawl Stone Soup version 0.21.1-68-g103a7afc0a (webtiles) character file.

85 greenouphe the Slasher (level 4, -4/34 HPs)
             Began as a Demonspawn Gladiator on Aug 2, 2018.
             Killed from afar by Schimscham's ghost (6 damage)
             ... with a magic dart
             ... on level 5 of the Dungeon.
             The game lasted 00:05:44 (1012 turns).

greenouphe the Slasher (Demonspawn Gladiator)       Turns: 1012, Time: 00:05:46

Health: -4/34      AC:  6    Str: 16    XL:     4   Next: 25%
Magic:  4/4        EV: 13    Int:  9    God:
Gold:   81         SH:  3    Dex: 14    Spells: 3/3 levels left

rFire    . . .     SeeInvis .   a - +0 long sword
rCold    . . .     Gourm    .   (no shield)
rNeg     . . .     Faith    .   b - +0 leather armour
rPois    .         Spirit   .   c - +0 helmet
rElec    .         Reflect  +   (no cloak)
rCorr    .         Harm     .   (no gloves)
MR       .....                  (no boots)
Stlth    +.........             n - +3 amulet of reflection
HPRegen  0.11/turn              (no ring)
MPRegen  0.09/turn              (no ring)

@: no status effects
A: hooves 1, yellow scales 1, rot immunity
a: no special abilities


You were on level 5 of the Dungeon.
You were hungry.

You visited 1 branch of the dungeon, and saw 5 of its levels.

You collected 81 gold pieces.

Inventory:

Hand Weapons
 a - a +0 long sword (weapon)
Missiles
 d - 3 throwing nets (quivered)
Armour
 b - a +0 leather armour (worn)
 c - a +0 helmet (worn)
 h - a +0 leather armour
Jewellery
 e - an uncursed amulet of guardian spirit
 n - a +3 amulet of reflection (around neck)
Scrolls
 j - a scroll of amnesia {unknown}
 k - a scroll of identify {unknown}
 l - 2 scrolls of teleportation {unknown}
Potions
 i - a potion of heal wounds {unknown}
Books
 m - a book of Minor Magic

   Spells                             Type                      Level
   a - Magic Dart                     Conjuration                  1
   b - Blink                          Translocation                2
   c - Call Imp                       Summoning                    2
   d - Slow                           Hexes                        2
   e - Conjure Flame                  Conjuration/Fire             3
   f - Mephitic Cloud                 Conjuration/Poison/Air       3
Comestibles
 f - 2 rations
 g - 3 chunks of flesh


   Skills:
 + Level 2.4 Fighting
 + Level 3.9 Long Blades
 - Level 1.7 Throwing
 + Level 0.9 Armour
 + Level 3.2 Dodging


You had 3 spell levels left.
You didn't know any spells.

Dungeon Overview and Level Annotations

Branches:
Dungeon (5/15)
 Temple: D:4-7

Altars:
Trog

Annotations:
D:5 Schimscham's ghost, amateur OpWz


Innate Abilities, Weirdness & Mutations

You have large cloven feet.
You are partially covered in yellow scales. (AC +2)
You are immune to rotting.


Message History

Schimscham's ghost is moderately damaged.
Schimscham's ghost barely misses you.
You riposte.
You closely miss Schimscham's ghost.
Schimscham's ghost is moderately damaged.
Schimscham's ghost casts a spell.
Schimscham's ghost blinks!
Some of the chunks of flesh in your inventory have rotted away.
Unknown command.
You are feeling hungry.
You barely miss Schimscham's ghost.
Schimscham's ghost is moderately damaged.
Schimscham's ghost hits you but does no damage.
You barely miss Schimscham's ghost.
You kick Schimscham's ghost, but do no damage.
Schimscham's ghost is moderately damaged.
Schimscham's ghost barely misses you.
You riposte.
You miss Schimscham's ghost.
Schimscham's ghost is moderately damaged.
Schimscham's ghost stares at you and mumbles some strange words.
The magic dart hits you!
You die...

.. .. #..# #. #..#
#.. #..# #.####..
.. #..<##$# #..
###.)#.####..#
#..........##
##..@W........
.####...........#.
..............#.#
.......#...####
.......##..........
......# #...)..W...
...... #...........
...................
.....##...........


You could see Schimscham's ghost.

Vanquished Creatures
  4 adders
  An ooze (D:1)
  A leopard gecko (D:1)
  An orc (D:5)
  6 bats
  A giant cockroach (D:1)
  3 goblins (D:2)
  5 hobgoblins (D:1)
  4 jackals (D:1)
  A quokka (D:2)
  2 ball pythons (D:1)
  4 frilled lizards
  4 kobolds
  A leopard gecko skeleton (D:5)
  4 rats
42 creatures vanquished.

Notes
Turn   | Place    | Note
-------+----------+-------------------------------------------
     0 | D:1      | greenouphe the Demonspawn Gladiator began the quest for the Orb.
     0 | D:1      | Reached XP level 1. HP: 16/16 MP: 1/1
   188 | D:1      | Gained mutation: You have large cloven feet. [demonic ancestry]
   188 | D:1      | Reached XP level 2. HP: 21/22 MP: 2/2
   671 | D:1      | Gained mutation: You are partially covered in yellow scales. (AC +2) [demonic ancestry]
   671 | D:1      | Reached XP level 3. HP: 22/27 MP: 3/3
   689 | D:2      | Found a bloodstained altar of Trog.
   877 | D:2      | Gained mutation: You are immune to rotting. [demonic ancestry]
   877 | D:2      | Reached XP level 4. HP: 20/34 MP: 1/4
   953 | D:5      | Entered Level 5 of the Dungeon
   959 | D:5      | Noticed Schimscham's ghost (amateur OpWz)
  1003 | D:5      | HP: 1/34 [leopard gecko skeleton (2)]
  1012 | D:5      | Killed from afar by Schimscham's ghost

Skill      XL: |  1  2  3 |
---------------+----------+-----
Long Blades    | 3 |  3.9
Dodging        | 3 |  3.2
Fighting       | |  2.4
Throwing       | |  1.7
Armour         | |  0.9

Action                   |  1- 3 |  4- 6 || total
-------------------------+-------+-------++-------
Melee: Long sword        |    74 |     5 ||    79
       Kick              |    13 |     5 ||    18
Armor: Leather armour    |    46 |     5 ||    51
Dodge: Dodged            |    73 |    24 ||    97
       Rpst.: Long sword |    21 |    10 ||    31
